 Dungeon Crawl Stone Soup version 0.20.1-1-g8b1a95d (webtiles) character file.

113 vatarom the Changer (level 4, 0/19 HPs)
             Began as a Felid Transmuter on Sept 1, 2017.
             Slain by an ogre
             ... wielding a +0 giant club
              (19 damage)
             ... on level 4 of the Dungeon.
             The game lasted 00:09:16 (3950 turns).

vatarom the Changer (Felid Transmuter)              Turns: 3950, Time: 00:09:17

Health: 0/19       AC:  1    Str:  7    XL:     4   Next: 65%
Magic:  8/8        EV: 18    Int: 14    God:
Gold:   153        SH:  0    Dex: 17    Spells: 1/7 levels left
                                        Lives:  0   Deaths: 1

rFire    . . .     SeeInvis +     - Unarmed
rCold    . . .     Gourm    .   (shield unavailable)
rNeg     . . .     Faith    .   (armour unavailable)
rPois    .         Spirit   .   (helmet unavailable)
rElec    .         Reflect  .   (cloak unavailable)
rCorr    +         Harm     .   (gloves unavailable)
MR       .....                  (boots unavailable)
Stlth    +++.......             (no amulet)
Regen    0.1/turn               k - ring of resist corrosion
MPRegen  0.2/turn               (no ring)

@: quick
A: no armour, no weapons or thrown items, stealth, claws 1, fangs 3, see
invisible, carnivore 3, speed 1, shaggy fur 1, slow metabolism 1, sharp paws
a: no special abilities


You were on level 4 of the Dungeon.
You were very full.

You visited 1 branch of the dungeon, and saw 4 of its levels.

You collected 153 gold pieces.

Inventory:

Missiles
 a - 26 arrows
Jewellery
 k - a ring of resist corrosion (left paw)
Wands
 g - a wand of polymorph (9/24)
 i - a wand of digging (6/24)
Scrolls
 e - a scroll of enchant weapon
 f - a scroll of noise
 h - 2 scrolls of remove curse
 n - a scroll of enchant armour
Potions
 d - 2 potions of brilliance
 j - 3 potions of curing {unknown}
Books
 b - a book of Changes

   Spells                             Type                      Level
   a - Beastly Appendage              Transmutation                1
   b - Sticks to Snakes               Transmutation                2
   c - Spider Form                    Transmutation/Poison         3
   d - Ice Form                       Ice/Transmutation            4
   e - Blade Hands                    Transmutation                5
Comestibles
 c - a meat ration
 m - 3 royal jellies


   Skills:
 - Level 1.0 Fighting
 - Level 2.6 Dodging
 - Level 2.3 Stealth
 - Level 3.0 Unarmed Combat
 - Level 2.0 Spellcasting
 * Level 6.2 Transmutations


You had one spell level left.
You knew the following spells:

 Your Spells              Type           Power        Failure   Level  Hunger
a - Beastly Appendage     Tmut           ###...       1%          1    ##.....
b - Sticks to Snakes      Tmut           ###.....     2%          2    ###....
c - Spider Form           Tmut/Pois      ##........   21%         3    ####...


Dungeon Overview and Level Annotations

Branches:
Dungeon (4/15)
 Temple: D:4-7

Altars:


Innate Abilities, Weirdness & Mutations

You cannot wear armour.
You are incapable of wielding weapons or throwing items.
Your paws allow you to move quietly. (Stealth)
You have sharp claws.
You have razor-sharp teeth.
You have supernaturally acute eyesight. (SInv)
You are carnivorous and can eat meat at any time.
You cover ground quickly.
You are covered in fur. (AC +1)
You have a slow metabolism.
Your sharp claws are effective at attacking unaware monsters.


Message History

m - 3 royal jellies (gained 1)
There is a shaft here.
Found a ring mail.
As you read the scroll of identify, it crumbles to dust.
f - a scroll of noise
As you read the scroll of identify, it crumbles to dust.
n - a scroll of enchant armour
As you read the scroll of identify, it crumbles to dust.
d - 2 potions of brilliance
Okay, then.
You start resting.
HP restored.
You see here a ring mail.
An ogre comes into view. It is wielding a giant club.
Found a stone staircase leading down.
There is a stone staircase leading down here.
The ogre shouts!
The ogre hits you with a giant club!!
Ouch! That really hurt!
You die...

#..........^..# #.###########.#
#####.####### #.#
######............ #[#
..........#.####### #.#
..####.#.##.# ## #.##.########
.#####.#.##.###.###............
............##...#####.########
รท...............@.>....#
..####.####.##.O.####..# ..#
#.# .###... ....# ..# #.#
#######....# ..# ##.# #.#..#
..###..# ###### ......##
.......####.# .............


You could see an ogre.

Vanquished Creatures
  2 orc wizards (D:3)
  4 adders
  5 dart slugs
  5 leopard geckos
  3 orcs
  2 giant cockroaches (D:2)
  3 goblins
  4 hobgoblins
  8 jackals
  A quokka (D:3)
  A ball python (D:1)
  3 bats (D:2)
  A frilled lizard (D:2)
  5 kobolds
  9 rats
56 creatures vanquished.

Vanquished Creatures (collateral kills)
  A centaur skeleton (D:2)
  Jessica (D:2)
  2 adders (D:2)
  A worm (D:2)
  An orc (D:3)
  3 jackals (D:2)
9 creatures vanquished.

Grand Total: 65 creatures vanquished

Notes
Turn   | Place    | Note
-------+----------+-------------------------------------------
     0 | D:1      | vatarom the Felid Transmuter began the quest for the Orb.
     0 | D:1      | Reached XP level 1. HP: 9/9 MP: 4/4
   172 | D:1      | Reached XP level 2. HP: 11/12 MP: 6/6
   227 | D:1      | Reached skill level 1 in Stealth
   241 | D:1      | Learned a level 2 spell: Sticks to Snakes
   433 | D:1      | Reached skill level 3 in Transmutations
  1072 | D:2      | Reached XP level 3. HP: 15/15 MP: 5/7
  1355 | D:2      | Reached skill level 4 in Transmutations
  1393 | D:2      | Learned a level 3 spell: Spider Form
  1587 | D:2      | Noticed Jessica
  1600 | D:2      | Killed Jessica
  1600 | D:2      | Reached XP level 4. HP: 13/19 MP: 1/8
  1927 | D:2      | Reached skill level 5 in Transmutations
  2629 | D:3      | Reached XP level 5. HP: 22/22 MP: 5/9
  2859 | D:3      | Reached skill level 6 in Transmutations
  3491 | D:4      | Noticed an orc warrior
  3753 | D:4      | Noticed a phantom
  3766 | D:4      | HP: 1/22 [phantom (5)]
  3769 | D:4      | Slain by a phantom
  3770 | D:4      | Reached XP level 4. HP: -1/19 MP: 7/8
  3944 | D:4      | Noticed an ogre
  3950 | D:4      | Slain by an ogre

Skill      XL: |  1  2  3  4  5 |
---------------+----------------+-----
Stealth        | 1 2 |  2.3
Transmutations | 3 4 5 6 |  6.2
Fighting       | |  1.0
Dodging        | |  2.6
Unarmed Combat | |  3.0
Spellcasting   | |  2.0

Action                   |  1- 3 |  4- 6 || total
-------------------------+-------+-------++-------
Melee: Unarmed           |   106 |   116 ||   222
       Bite              |     8 |     7 ||    15
       Headbutt          |     5 |     3 ||     8
       Punch             |     3 |       ||     3
 Cast: Beastly Appendage |    14 |     7 ||    21
       Sticks to Snakes  |     8 |    20 ||    28
       Spider Form       |       |     6 ||     6
Evoke: Wand              |       |     1 ||     1
  Use: Scroll            |     5 |     3 ||     8
       Potion            |       |     1 ||     1
 Stab: Sleeping          |     5 |     3 ||     8
  Eat: Chunk             |     9 |    11 ||    20
Armor: Skin              |     3 |     5 ||     8
Dodge: Dodged            |    92 |   109 ||   201
